 Seeded DCSS version 0.30-a0-578-gdee14c521f (webtiles) character file.

Game seed: 20230101 (custom seed)

103 purpskrrrp the Insei (level 4, -3/36 HPs)
             Began as a Demigod Transmuter on Jan 1, 2023.
             Slain by a gnoll
             ... wielding a +0 whip
              (7 damage)
             ... on level 3 of the Dungeon.
             The game lasted 00:03:53 (1679 turns).

purpskrrrp the Insei (Demigod Transmuter)           Turns: 1679, Time: 00:03:53

Health: -3/36      AC:  3    Str: 10    XL:     4   Next: 27%
Magic:  10/10      EV: 12    Int: 19    God:
Gold:   69         SH:  0    Dex: 17    Spells: 6/7 levels left

rFire   . . .      SeeInvis .    m - +2 sling (elec)
rCold   . . .      Faith    .    (no shield)
rNeg    . . .      Spirit   .    a - +0 robe
rPois   .          Reflect  .    (helmet currently unavailable)
rElec   .          Harm     .    (no cloak)
rCorr   .          Rampage  .    e - +0 pair of gloves
Will    .....                    (boots currently unavailable)
Stlth   ++                       (no amulet)
HPRegen 0.26/turn                g - +4 ring of slaying
MPRegen 0.12/turn                (no ring)

@: appendages (expiring)
A: horns 2, talons 2, high MP 1, forlorn, divine attributes, clever 1, screaming
1, evolution 1
a: End Transformation


You were on level 3 of the Dungeon.
You had temporarily grown beastly horns and talons.
You visited 1 branch of the dungeon, and saw 3 of its levels.

You collected 69 gold pieces.

Inventory:

Hand Weapons
 m - a +2 sling of electrocution (weapon)
Armour
 a - a +0 robe (worn)
 e - a +0 pair of gloves (worn)
 i - a +1 helmet (melded)
Jewellery
 g - a +4 ring of slaying (left hand)
 j - a +6 ring of strength
 k - a ring of flight
Potions
 b - a potion of lignification
 c - a potion of ambrosia
 d - a potion of heal wounds {unknown}
 h - a potion of mutation
 l - 2 potions of curing {unknown}


   Skills:
 + Level 1.8 Fighting
 * Level 1.4 Ranged Weapons
 + Level 2.3 Dodging
 - Level 2.8 Unarmed Combat
 + Level 2.2 Spellcasting
 + Level 2.5 Transmutations


You had 6 spell levels left.
You knew the following spells:

 Your Spells              Type           Power      Damage    Failure   Level
a - Beastly Appendage     Tmut           22%        N/A       6%          1

Your spell library contained the following spells:

 Spells                   Type           Power      Damage    Failure   Level
 Wereblood                Tmut           11%        N/A       9%          2
 Apportation              Tloc           4%         N/A       17%         1
 Necrotise                Necr           8%         1d4       17%         1
 Summon Small Mammal      Summ           8%         N/A       17%         1
 Spider Form              Tmut/Pois      6%         N/A       30%         3
 Ice Form                 Ice/Tmut       6%         N/A       69%         4


Dungeon Overview and Level Annotations

Branches:
Dungeon (3/15)

Shops:
D:1 (   D:2 :


Innate Abilities, Weirdness & Mutations

You have temporarily grown beastly horns and talons.
You have an increased reservoir of magic. (+10% MP)
You shall have no god before yourself.
Your divine heritage dramatically boosts your attributes as you level up.
Your mind is acute. (Int +4, Str/Dex -1)
You occasionally shout uncontrollably at your foes.
You have hidden genetic potential.


Message History

You shoot a sling bullet. The sling bullet hits the gnoll!
You kill the gnoll!
The gnoll hits you from afar with a +0 spear.
You shoot a sling bullet. The sling bullet hits the gnoll!
The gnoll is heavily wounded.
The gnoll hits you from afar with a +0 spear!
You shoot a sling bullet. The sling bullet hits the gnoll.
Lightning courses through the gnoll!
You kill the gnoll!
The gnoll hits you from afar with a +0 spear!
You are too injured to fight recklessly!
You are too injured to fight recklessly!
You are too injured to fight recklessly!
You are too injured to fight recklessly!
You are too injured to fight recklessly!
You are too injured to fight recklessly!
You are too injured to fight recklessly!
You are too injured to fight recklessly!
You are too injured to fight recklessly!
You are too injured to fight recklessly!
You are too injured to fight recklessly!
You are too injured to fight recklessly!
You are too injured to fight recklessly!
You shoot a sling bullet. The sling bullet hits the gnoll.
The gnoll is heavily wounded.
The gnoll hits you with a +0 whip.
The gnoll hits you from afar with a +0 spear.
* * * LOW HITPOINT WARNING * * *
The gnoll hits you from afar with a +0 spear.
* * * LOW HITPOINT WARNING * * *
The gnoll closely misses you.
You shoot a sling bullet.
The sling bullet closely misses the gnoll.
The sling bullet hits the gnoll!
The gnoll is heavily wounded.
Your transformation is almost over.
The gnoll hits you from afar with a +0 spear.
* * * LOW HITPOINT WARNING * * *
The gnoll hits you with a +0 whip!
You die...

#.# #.# ##.# # #.# ##...
#' ... #.... ... #.#
#.... .... ###.# #....
<.... ##.#†# ###...
......####....#####.....
.....gg@................
......####....#####.##.#
..... ##..#.## #.##.#
.... ##.###.###.##.. ...
##>## ##.##.#### #' #.##
##.#..... # ##.##
##.####### ##.###.##
#..#.##


You could see 2 gnolls.

Vanquished Creatures
  2 gnolls (D:3)
  4 adders
  3 worms (D:2)
  4 ball pythons
  2 bats
  7 endoplasms
  2 goblins
  4 hobgoblins
  6 kobolds
  3 frilled lizards (D:1)
  2 rats
39 creatures vanquished.

Notes
Turn   | Place    | Note
-------+----------+-------------------------------------------
     0 | D:1      | purpskrrrp the Demigod Transmuter began the quest for the
                  | Orb.
     0 | D:1      | Reached XP level 1. HP: 15/15 MP: 5/5
    55 | D:1      | Reached skill level 1 in Fighting
   135 | D:1      | Reached XP level 2. HP: 23/23 MP: 5/7
   285 | D:1      | Found Coskaan's Antique Weapon Boutique.
   851 | D:2      | Reached XP level 3. HP: 27/28 MP: 6/8
   997 | D:2      | Reached skill level 1 in Ranged Weapons
  1031 | D:2      | Found Foussoh's Book Shoppe.
  1460 | D:2      | Gained mutation: Your mind is acute. (Int +4, Str/Dex -1)
                  | [potion of mutation]
  1460 | D:2      | Gained mutation: You occasionally shout uncontrollably at
                  | your foes. [potion of mutation]
  1460 | D:2      | Gained mutation: You have hidden genetic potential. [potion
                  | of mutation]
  1529 | D:3      | Reached XP level 4. HP: 29/36 MP: 8/10
  1679 | D:3      | Slain by a gnoll

Illustrated notes

Levels and vault maps discovered:
D:1:      spicycebolla_arrival_ecumenical, layout_basic, serial_shops,
          nicolae_shop_behind_doors
D:2:      layout_rooms, serial_shops, nicolae_lakefront_shop,
          nicolae_eternal_life, grunt_ministairs_15
D:3:      layout_loops_corners, cheibrodos_sewer_entry_sluice,
          kennysheep_another_room, uniq_sigmund

Skill      XL: |  1  2  3 |
---------------+----------+-----
Fighting       | 1 |  1.8
Transmutations | 2 |  2.5
Dodging        | 2 |  2.3
Spellcasting   | 2 |  2.2
Ranged Weapons | 1 |  1.4
Unarmed Combat | |  2.8

Action                   |  1- 3 |  4- 6 || total
-------------------------+-------+-------++-------
Melee: Unarmed           |    38 |       ||    38
       Kick              |    10 |       ||    10
       Headbutt          |     2 |       ||     2
 Fire: Sling             |    47 |     7 ||    54
 Cast: Beastly Appendage |    23 |     2 ||    25
  Use: Scroll            |     9 |       ||     9
       Potion            |     1 |       ||     1
Armor: Robe              |     7 |       ||     7
Dodge: Dodged            |    38 |     4 ||    42

Table legend: (Time is in decaauts)
 A = Elapsed time spent in this place.
 B = Non-inter-level travel time spent in this place.
 C = Inter-level travel time spent in this place.
 D = Time resting spent in this place.
 E = Time spent auto-exploring this place.
 F = Levels seen in this place.
 G = Mean time per level.
                   A        B        C        D        E       F      G
               +--------+--------+--------+--------+--------+-----+--------+
         Total |   1694 |   1666 |     28 |    150 |   1241 |   3 |  564.7 |
       Dungeon |   1694 |   1666 |     28 |    150 |   1241 |   3 |  564.7 |
               +--------+--------+--------+--------+--------+-----+--------+

Top non-repeatable levels by time:
     D:2: 767 daAuts
     D:1: 709 daAuts
     D:3: 217 daAuts
